 Dungeon Crawl Stone Soup version 0.31-a0-1009-g454b1f1e0a (webtiles) character file.

Game seed: 15879192720139234058

77 kae the Vexing (level 4, -1/30 HPs)
             Began as a Demonspawn Enchanter on Nov 13, 2023.
             Succumbed to a water moccasin's poison
             ... on level 3 of the Dungeon.
             The game lasted 00:03:00 (1844 turns).

kae the Vexing (Demonspawn Enchanter)               Turns: 1844, Time: 00:03:01

Health: -1/30      AC:  5    Str: 11    XL:     4   Next: 14%
Magic:  5/7        EV: 12    Int: 20    God:
Gold:   177        SH:  0    Dex: 15    Spells: 5/7 levels left

rFire   + . .        b - +9 sling of Pahiar {drain, *Slow rF+ Int+4 Dex+2}
rCold   . . .        (no shield)
rNeg    . . .        l - +0 robe
rPois   .            m - +1 hat
rElec   .            (no cloak)
rCorr   .            (no gloves)
SInv    .            (no boots)
Will    .....        (no amulet)
Stlth   ++           (no ring)
HPRegen 0.25/turn    (no ring)
MPRegen 0.10/turn

%: slow self (1%)
@: lethally poisoned (-1 -> -15)
A: horns 1, yellow scales 1, demonic magic 1
a: no special abilities


You were on level 3 of the Dungeon.
You visited 1 branch of the dungeon, and saw 3 of its levels.

You collected 177 gold pieces.


Innate Abilities, Weirdness & Mutations

You have a pair of small horns on your head.
You are partially covered in yellow scales. (AC +2)
Spells you cast may paralyse adjacent enemies.


   Skills:
 * Level 2.0 Short Blades
 - Level 1.7 Dodging
 + Level 3.0 Stealth
 + Level 2.3 Spellcasting
 * Level 3.7 Hexes
 * Level 1.1 Ice Magic


You had 5 spell levels left.
You knew the following spells:

 Your Spells              Type           Power      Damage    Failure   Level
a - Ensorcelled Hibernat  Hex/Ice        24%        N/A       9%          2

Your spell library contained the following spells:

 Spells                   Type           Power      Damage    Failure   Level
 Confusing Touch          Hex            17%        N/A       10%         3
 Tukima's Dance           Hex            17%        N/A       10%         3
 Dazzling Flash           Conj/Hex       18%        N/A       22%         3

Inventory:

Hand Weapons
 a - a +1 dagger
 b - the +9 sling of Pahiar (weapon) {drain, *Slow rF+ Int+4 Dex+2}
   (You found it on level 2 of the Dungeon)

   Int+4:     It affects your intelligence (+4).
   Dex+2:     It affects your dexterity (+2).
   rF+:       It protects you from fire.
   *Slow:     It may slow you when you take damage.
Missiles
 d - 6 poisoned darts
 f - 10 stones
Armour
 l - a +0 robe (worn)
 m - a +1 hat (worn)
   (You found it on level 2 of the Dungeon)
Magical Staves
 j - a staff of poison {!a}
   (You found it on level 2 of the Dungeon)
Jewellery
 n - the ring "Olloptie" {rElec Will- Int+3 Dex+6}
   (You found it on level 3 of the Dungeon)

   [ring of dexterity]

   Int+3:     It affects your intelligence (+3).
   Dex+6:     It affects your dexterity (+6).
   rElec:     It insulates you from electricity.
   Will-:     It decreases your willpower.
Scrolls
 e - 2 scrolls of identify {@r1}
 g - a scroll of blinking {!r}
Potions
 c - 2 potions of invisibility
 h - 3 potions of curing {@q1}
 i - a potion of enlightenment {unknown}
 k - a potion of heal wounds {@q2}

Dungeon Overview and Level Annotations

Branches:
Dungeon (3/15) Zot: 16154

Altars:

####.## ##....#
##..####
###..##
####...######
...†.........##
.....#######..#
.#### ##.#
#@### .
#..S###....
###K.......
#......#....
.....###### ..
.!.# ..


You could see a water moccasin (drained) and a kobold.


Message History

The sling bullet barely misses the goblin.
The goblin closely misses you.
You shoot a sling bullet.
The sling bullet barely misses the goblin.
The goblin hits you with a +0 club. x2 😕 HP[-4]
You take 4 damage, and now have 20/24 hp.
You shoot a sling bullet. The sling bullet hits the goblin!
You kill the goblin!
No target in view!
Found an escape hatch in the floor.
Things that are here:
a +0 club; a goblin corpse
f - 10 stones (gained 2)
You see here a +0 whip.
A dart slug comes into view. 😎 HP[+4]
Your hp is fully restored (24).
A dart slug is nearby!
A dart slug is nearby!
You shoot a sling bullet.
The sling bullet completely misses the dart slug.
You shoot a sling bullet. The sling bullet hits the dart slug.
The dart slug launches a dart at you. The slug dart hits you. 😕 HP[-4]
You take 4 damage, and now have 20/24 hp.
You shoot a sling bullet. The sling bullet hits the dart slug!
You kill the dart slug!
You have reached level 4!
You feel stronger.
Your demonic ancestry asserts itself...
Yellow scales grow over part of your body. 😕 HP[+6] MP[+1]
You now have 30 max hp (+6).
You regained 6 hp, and now have 26/30 hp.
Your mp is fully restored (7).
You now have 177 gold pieces (gained 13).
An adder comes into view. 😎 HP[+4]
Your hp is fully restored (30).
An adder is nearby!
An adder is nearby!
An adder is nearby!
You shoot a sling bullet. The adder hisses angrily.
The sling bullet hits the adder!
You drain the adder.
You kill the adder!
Your Stealth skill increases to level 3!
No target in view!
n - the ring "Olloptie" {rElec Will- Int+3 Dex+6} A water moccasin comes into view.
The water moccasin hisses angrily.
A kobold comes into view. It is wielding a +0 short sword.
There are monsters nearby!
You shoot a sling bullet.
The sling bullet completely misses the water moccasin.
The kobold shouts!
A water moccasin is nearby!
A water moccasin is nearby!
You shoot a sling bullet.
The sling bullet hits the water moccasin!
You shoot a sling bullet.
The sling bullet misses the water moccasin.
The sling bullet barely misses the kobold.
The water moccasin bites you!
The water moccasin barely misses you. 😕 HP[-7]
You take 7 damage, and now have 23/30 hp.
MASSIVE DAMAGE!! (PAUSE)
You shoot a sling bullet.
The sling bullet hits the water moccasin!
You drain the water moccasin. The water moccasin bites you.
You are poisoned.
The water moccasin poisons you! The water moccasin bites you.
You are lethally poisoned!
The water moccasin poisons you! 😮 HP[-6]
You take 6 damage, and now have 17/30 hp.
Casting: Ensorcelled Hibernation (safe; 9% risk of failure)
Confirm with . or Enter, or press ? or * to list all spells.
Aiming: Ensorcelled Hibernation (safe; 9% risk of failure)
Press: ? - help, Shift-Dir - straight line, f/p - water moccasin
Aim: a water moccasin (severely wounded, lightly drained, chance to affect: 50%)
The water moccasin resists with some effort.
Malevolent energies surge around you.
* * * LOW HITPOINT WARNING * * *
You feel very sick. The water moccasin bites you.
* * * LOW HITPOINT WARNING * * *
The water moccasin bites you.
* * * LOW HITPOINT WARNING * * *
😱 HP[-10] MP[-2]
You take 10 damage, and now have 7/30 hp.
MASSIVE DAMAGE!! (PAUSE)
You lost 2 mp, and now have 5/7 mp.
* * * LOW HITPOINT WARNING * * *
You feel very sick. The kobold attacks as it pursues you!
The kobold misses you. 😱 HP[-4]
You take 4 damage, and now have 3/30 hp.
You die...

Skill      XL: |  1  2  3  4 |
---------------+-------------+-----
Short Blades   | 1 2 |  2.0
Ice Magic      | 1 |  1.1
Stealth        | 3 |  3.0
Dodging        | |  1.7
Spellcasting   | |  2.3
Hexes          | |  3.7

Action                     |  1- 3 |  4- 6 || total
---------------------------+-------+-------++-------
  Melee: Dagger            |    99 |       ||    99
         Headbutt          |     5 |       ||     5
         Punch             |     1 |       ||     1
   Fire: Sling             |    19 |     5 ||    24
   Cast: Ensorcelled Hiber |    14 |     1 ||    15
    Use: Scroll            |     8 |       ||     8
   Stab: Sleeping          |    12 |       ||    12
         Paralysed         |     4 |       ||     4
 Armour: Robe              |    56 |     5 ||    61
  Dodge: Dodged            |    59 |     2 ||    61

Levels and vault maps discovered:
D:1:      matt_arrival_refuge, layout_rooms
D:2:      layout_loops_ring, dilly_ecumenical_altar_fadedgnrine,
          minmay_strange_pillars
D:3:      layout_rooms, amethyst_overflow_temple_binary

Notes
Turn   | Place    | Note
-------+----------+-------------------------------------------
     0 | D:1      | kae the Demonspawn Enchanter began the quest for the Orb.
     0 | D:1      | Reached XP level 1. HP: 13/13 MP: 3/3
     0 | D:1      | magus.rc [v1.11.3]
   114 | D:1      | Reached skill level 1 in Short Blades
   137 | D:1      | HP: 3/13 [ball python (1)]
   269 | D:1      | Gained mutation: Spells you cast may paralyse adjacent
                  | enemies. [demonic ancestry]
   269 | D:1      | Reached XP level 2. HP: 19/19 MP: 5/5
   272 | D:1      | Learned a level 2 spell: Ensorcelled Hibernation
   566 | D:1      | Gained mutation: You have a pair of small horns on your
                  | head. [demonic ancestry]
   566 | D:1      | Reached XP level 3. HP: 17/24 MP: 3/6
   862 | D:2      | magus.rc [v1.11.3]
  1072 | D:2      | magus.rc [v1.11.3]
  1178 | D:2      | Identified the +9 sling of Pahiar {drain, *Slow rF+ Int+4
                  | Dex+2}
  1499 | D:2      | Found a faded altar of an unknown god.
  1681 | D:2      | Reached skill level 2 in Short Blades
  1697 | D:3      | Reached skill level 1 in Ice Magic
  1785 | D:3      | Gained mutation: You are partially covered in yellow
                  | scales. (AC +2) [demonic ancestry]
  1785 | D:3      | Reached XP level 4. HP: 26/30 MP: 7/7
  1820 | D:3      | Reached skill level 3 in Stealth
  1828 | D:3      | Identified the ring "Olloptie" {rElec Will- Int+3 Dex+6}
  1837 | D:3      | Noticed a water moccasin
  1842 | D:3      | HP: 7/30 [water moccasin (3)]
  1843 | D:3      | HP: 3/30 [poisoned by a water moccasin]
  1844 | D:3      | Succumbed to a water moccasin's poison

Vanquished Creatures
  A gnoll (D:1)
  An adder (D:3)
  2 dart slugs
  An orc (D:3)
  5 endoplasms
  4 giant cockroaches
  4 goblins
  6 hobgoblins
  6 jackals
  2 quokkas
  3 ball pythons
  A bat (D:2)
  4 frilled lizards (D:1)
  3 kobolds
  6 rats
49 creatures vanquished.

Table legend:
 A = Non-vault XP
 B = Vault XP
 C = Vault XP percentage of total XP
 D = Non-vault monster count
 E = Vault monster count
 F = Vault count percentage of total count
                 A         B        C        D         E       F
            +---------+---------+-------+---------+---------+-------
      Total |     111 |       0 |   0.0 |      49 |       0 |   0.0
            +---------+---------+-------+---------+---------+-------
        D:1 |      52 |       0 |   0.0 |      24 |       0 |   0.0
        D:2 |      31 |       0 |   0.0 |      17 |       0 |   0.0
        D:3 |      28 |       0 |   0.0 |       8 |       0 |   0.0
            +---------+---------+-------+---------+---------+-------

Skill      XL: |  1  2  3  4 |
---------------+-------------+-----
Short Blades   | 1 2 |  2.0
Ice Magic      | 1 |  1.1
Stealth        | 3 |  3.0
Dodging        | |  1.7
Spellcasting   | |  2.3
Hexes          | |  3.7

Action                     |  1- 3 |  4- 6 || total
---------------------------+-------+-------++-------
  Melee: Dagger            |    99 |       ||    99
         Headbutt          |     5 |       ||     5
         Punch             |     1 |       ||     1
   Fire: Sling             |    19 |     5 ||    24
   Cast: Ensorcelled Hiber |    14 |     1 ||    15
    Use: Scroll            |     8 |       ||     8
   Stab: Sleeping          |    12 |       ||    12
         Paralysed         |     4 |       ||     4
 Armour: Robe              |    56 |     5 ||    61
  Dodge: Dodged            |    59 |     2 ||    61

Illustrated notes

Table legend:
 A = Kills in this place as a percentage of kills in the entire game.
 B = Kills by you in this place as a percentage of kills by you in the entire game.
 C = Kills by friends in this place as a percentage of kills by friends in the entire game.
 D = Other kills in this place as a percentage of other kills in the entire game.
 E = Experience gained in this place as a percentage of experience gained in the entire game.
 F = Experience gained in this place divided by the number of levels of this place that you have seen.
                   A       B       C       D       E      F
               +-------+-------+-------+-------+-------+----------------------
         Total | 100.0 | 100.0 |   N/A |   N/A | 100.0 |  37.0
       Dungeon | 100.0 | 100.0 |   N/A |   N/A | 100.0 |  37.0
               +-------+-------+-------+-------+-------+----------------------

Table legend: (Time is in decaauts)
 A = Elapsed time spent in this place.
 B = Non-inter-level travel time spent in this place.
 C = Inter-level travel time spent in this place.
 D = Time resting spent in this place.
 E = Time spent auto-exploring this place.
 F = Levels seen in this place.
 G = Mean time per level.
                   A        B        C        D        E       F      G
               +--------+--------+--------+--------+--------+-----+--------+
         Total |   1845 |   1740 |    105 |     56 |   1378 |   3 |  615.0 |
       Dungeon |   1845 |   1740 |    105 |     56 |   1378 |   3 |  615.0 |
               +--------+--------+--------+--------+--------+-----+--------+

Top non-repeatable levels by time:
     D:1: 856 daAuts
     D:2: 826 daAuts
     D:3: 162 daAuts
